 Dungeon Crawl Stone Soup version 0.28-a0-1493-g08698888e4 (webtiles) character file.

Game seed: 3960761040726482200

86 iamoutofideas the Grasshopper (level 4, -1/38 HPs)
             Began as a Gnoll Warper on Jan 12, 2022.
             Slain by a gnoll (9 damage)
             ... on level 1 of the Dungeon.
             The game lasted 00:03:58 (2616 turns).

iamoutofideas the Grasshopper (Gnoll Warper)        Turns: 2616, Time: 00:03:58

Health: -1/38      AC:  3    Str: 10    XL:     4   Next: 49%
Magic:  11/11      EV: 13    Int: 14    God:
Gold:   76         SH:  0    Dex: 12    Spells: 8/13 levels left

rFire   . . .      SeeInvis .   a - +0 hand axe
rCold   . . .      Faith    .   (no shield)
rNeg    . . .      Spirit   .   b - +0 leather armour
rPois   .          Reflect  .   (no helmet)
rElec   .          Harm     .   (no cloak)
rCorr   .          Rampage  .   (no gloves)
Will    .....                   (no boots)
Stlth   +.........              (no amulet)
HPRegen 0.12/turn               (no ring)
MPRegen 0.12/turn               (no ring)

@: no status effects
A: fangs 1, strong nose, distributed training
a: no special abilities


You were on level 1 of the Dungeon.
You visited 1 branch of the dungeon, and saw 2 of its levels.

You collected 76 gold pieces.

Inventory:

Hand Weapons
 a - a +0 hand axe (weapon)
 j - a +1 dagger of protection
 l - a +0 hunting sling
Missiles
 d - 4 boomerangs of dispersal
 g - 39 bolts
 h - 7 poisoned darts (quivered)
Armour
 b - a +0 leather armour (worn)
Scrolls
 c - a scroll of blinking
 i - a scroll of fear {unknown}
 k - a scroll of amnesia {unknown}


   Skills:
 + Level 4.6 Fighting
 + Level 1.1 Short Blades
 + Level 1.1 Long Blades
 + Level 4.6 Axes
 + Level 1.1 Maces & Flails
 + Level 1.1 Polearms
 + Level 1.1 Staves
 + Level 1.1 Slings
 + Level 1.1 Bows
 + Level 1.1 Crossbows
 + Level 2.7 Throwing
 + Level 2.7 Armour
 + Level 4.6 Dodging
 + Level 1.1 Stealth
 + Level 1.1 Shields
 + Level 1.1 Unarmed Combat
 + Level 5.1 Spellcasting
 + Level 0.9 Conjurations
 + Level 0.9 Hexes
 + Level 0.9 Summonings
 + Level 0.9 Necromancy
 + Level 5.4 Translocations
 + Level 0.9 Transmutations
 + Level 0.9 Fire Magic
 + Level 0.9 Ice Magic
 + Level 0.9 Air Magic
 + Level 0.9 Earth Magic
 + Level 0.9 Poison Magic
 + Level 1.2 Invocations
 + Level 1.1 Evocations


You had 8 spell levels left.
You knew the following spells:

 Your Spells              Type           Power      Damage    Failure   Level
a - Blink                 Tloc           36%        N/A       3%          2
b - Teleport Other        Tloc           18%        N/A       7%          3

Your spell library contained the following spells:

 Spells                   Type           Power      Damage    Failure   Level
 Gell's Gravitas          Tloc           18%        N/A       7%          3
 Lesser Beckoning         Tloc           18%        N/A       7%          3
 Manifold Assault         Tloc           18%        N/A       54%         5
 Dispersal                Tloc           9%         N/A       98%         6


Dungeon Overview and Level Annotations

Branches:
Dungeon (2/15)

Altars:

Annotations:
D:1 exclusion: downstairs


Innate Abilities, Weirdness & Mutations

You have very sharp teeth.
Your uncanny sense of smell can sniff out nearby items.
Your experience applies equally to all skills.


Message History

The gnoll looks more healthy.
The gnoll looks more healthy.
The gnoll misses you.
There is an open door here.
Throw: 9 darts (poison)
Press: ? - help, Q - select action, (/) - cycle Shift-Dir - straight line, f/p - gnoll
Aim: a gnoll, wielding a +0 flail (heavily wounded, 64% to hit)
You throw a poisoned dart.
The poisoned dart barely misses the gnoll.
The poisoned dart hits the gnoll.
The gnoll is poisoned.
The gnoll is lightly wounded.
Unknown command.
The gnoll looks more healthy.
Throw: 8 darts (poison)
Press: ? - help, Q - select action, (/) - cycle Shift-Dir - straight line, f/p - gnoll
Aim: a gnoll, wielding a +0 flail (heavily wounded, 64% to hit)
Okay, then.
Throw: 8 darts (poison)
Press: ? - help, Q - select action, (/) - cycle Shift-Dir - straight line, f/p - gnoll
Aim: a gnoll, wielding a +0 flail (heavily wounded, 64% to hit)
You throw a poisoned dart. The poisoned dart hits the gnoll.
The gnoll is poisoned.
The gnoll is heavily wounded.
Unknown command.
You aren't carrying any potions.
Unknown command.
Okay, then.
Casting: Blink (safe; 3% risk of failure)
Confirm with . or Enter, or press ? or * to list all spells.
Okay, then.
Casting: Blink (safe; 3% risk of failure)
Confirm with . or Enter, or press ? or * to list all spells.
You don't know that spell.
Unknown command.
Casting: Blink (safe; 3% risk of failure)
Confirm with . or Enter, or press ? or * to list all spells.
You don't know that spell.
Unknown command.
The gnoll hits you with a +0 flail!
You die...

#........# ####
#........# #...
####........#####.##
#...................
#.###############.#.
#.# #.# ########.#.
#.# #.###........##
#.####...'.(......##
#.#@g#.###..........
#.#g##.# #.......###
#.#.##.# ##.######
#.#....# #.#
#.#########.#
#.........#.#
#########†#.#
#...#.#####
#.#.†.....#


You could see 2 gnolls.

Vanquished Creatures
  2 gnolls (D:1)
  3 adders
  3 dart slugs (D:1)
  3 bats (D:1)
  2 endoplasms
  3 giant cockroaches (D:1)
  3 goblins
  3 hobgoblins (D:1)
  2 quokkas
  2 ball pythons (D:2)
  4 frilled lizards
  2 kobolds (D:1)
  6 rats (D:1)
38 creatures vanquished.

Vanquished Creatures (others)
  A demonic plant (D:1)
1 creature vanquished.

Grand Total: 39 creatures vanquished

Notes
Turn   | Place    | Note
-------+----------+-------------------------------------------
     0 | D:1      | iamoutofideas the Gnoll Warper began the quest for the Orb.
     0 | D:1      | Reached XP level 1. HP: 20/20 MP: 6/6
   208 | D:1      | Reached XP level 2. HP: 26/26 MP: 7/7
   713 | D:1      | Learned a level 2 spell: Blink
   788 | D:1      | Found a faded altar of an unknown god.
   788 | D:1      | Noticed a blizzard demon
   998 | D:1      | Reached XP level 3. HP: 28/31 MP: 9/9
  1004 | D:1      | Reached skill level 5 in Spellcasting
  1268 | D:2      | Reached skill level 1 in Invocations
  1453 | D:1      | Learned a level 3 spell: Teleport Other
  1601 | D:2      | Reached skill level 1 in Short Blades
  1601 | D:2      | Reached skill level 1 in Long Blades
  1601 | D:2      | Reached skill level 1 in Maces & Flails
  1601 | D:2      | Reached skill level 1 in Polearms
  1601 | D:2      | Reached skill level 1 in Staves
  1601 | D:2      | Reached skill level 1 in Slings
  1601 | D:2      | Reached skill level 1 in Bows
  1601 | D:2      | Reached skill level 1 in Crossbows
  1601 | D:2      | Reached skill level 1 in Stealth
  1601 | D:2      | Reached skill level 1 in Shields
  1601 | D:2      | Reached skill level 1 in Unarmed Combat
  1601 | D:2      | Reached skill level 1 in Evocations
  1638 | D:1      | Reached XP level 4. HP: 15/38 MP: 11/11
  2616 | D:1      | Slain by a gnoll

Illustrated notes

Levels and vault maps discovered:
D:1:      minmay_arrival_three_doors, layout_basic,
          dreamdust_ecumenical_altar_sealed_demon
D:2:      layout_basic, serial_glass, glass_columns_b, glass_columns_c,
          glass_columns_b, uniq_sigmund

Skill      XL: |  1  2  3 |
---------------+----------+-----
Spellcasting   | 5 |  5.1
Invocations    | 1 |  1.2
Short Blades   | 1 |  1.1
Long Blades    | 1 |  1.1
Maces & Flails | 1 |  1.1
Polearms       | 1 |  1.1
Staves         | 1 |  1.1
Slings         | 1 |  1.1
Bows           | 1 |  1.1
Crossbows      | 1 |  1.1
Stealth        | 1 |  1.1
Shields        | 1 |  1.1
Unarmed Combat | 1 |  1.1
Evocations     | 1 |  1.1
Fighting       | |  4.6
Axes           | |  4.6
Throwing       | |  2.7
Armour         | |  2.7
Dodging        | |  4.6
Conjurations   | |  0.9
Hexes          | |  0.9
Summonings     | |  0.9
Necromancy     | |  0.9
Translocations | |  5.4
Transmutations | |  0.9
Fire Magic     | |  0.9
Ice Magic      | |  0.9
Air Magic      | |  0.9
Earth Magic    | |  0.9
Poison Magic   | |  0.9

Action                   |  1- 3 |  4- 6 || total
-------------------------+-------+-------++-------
Melee: Hand axe          |   104 |    11 ||   115
       Bite              |    11 |     2 ||    13
       Punch             |     1 |       ||     1
Throw: Dart              |       |    11 ||    11
       Boomerang         |       |     1 ||     1
 Cast: Blink             |     1 |     3 ||     4
  Use: Potion            |     2 |       ||     2
 Stab: Sleeping          |     1 |       ||     1
Armor: Leather armour    |    31 |     1 ||    32
Dodge: Dodged            |    65 |    15 ||    80

Table legend: (Time is in decaauts)
 A = Elapsed time spent in this place.
 B = Non-inter-level travel time spent in this place.
 C = Inter-level travel time spent in this place.
 D = Time resting spent in this place.
 E = Time spent auto-exploring this place.
 F = Levels seen in this place.
 G = Mean time per level.
                   A        B        C        D        E       F      G
               +--------+--------+--------+--------+--------+-----+--------+
         Total |   2627 |   2471 |    156 |    550 |   1457 |   2 | 1313.5 |
       Dungeon |   2627 |   2471 |    156 |    550 |   1457 |   2 | 1313.5 |
               +--------+--------+--------+--------+--------+-----+--------+

Top non-repeatable levels by time:
     D:1: 2313 daAuts
     D:2: 314 daAuts
